 Dungeon Crawl Stone Soup version 0.25.0-9-g26727b657a (webtiles) character file.

Game seed: 16054861814581828419

83 mopl the Chopper (level 4, 0/33 HPs)
             Began as a Demonspawn Gladiator on June 18, 2020.
             Slain by Sigmund
             ... wielding a +0 scythe
              (5 damage)
             ... on level 2 of the Dungeon.
             The game lasted 00:02:05 (1636 turns).

mopl the Chopper (Demonspawn Gladiator)             Turns: 1636, Time: 00:02:05

Health: 0/33       AC:  9    Str: 15    XL:     4   Next: 22%
Magic:  0/4        EV:  7    Int:  9    God:
Gold:   72         SH:  0    Dex: 15    Spells: 3/3 levels left

rFire    . . .     SeeInvis .   a - +0 war axe
rCold    . . .     Gourm    .   (no shield)
rNeg     . . .     Faith    .   g - +0 chain mail
rPois    .         Spirit   +   c - +0 helmet
rElec    .         Reflect  .   (no cloak)
rCorr    .         Harm     .   (no gloves)
MR       .....                  (no boots)
Stlth    ..........             (no amulet)
HPRegen  0.11/turn              (no ring)
MPRegen  0.09/turn              (no ring)

@: no status effects
A: claws 1, magic shield
a: no special abilities


You were on level 2 of the Dungeon.
You were hungry.

You visited 1 branch of the dungeon, and saw 2 of its levels.

You collected 72 gold pieces.

Inventory:

Hand Weapons
 a - a +0 war axe (weapon)
 m - a +3 dagger of venom
Missiles
 d - 3 throwing nets (quivered)
 n - 13 poisoned darts
Armour
 c - a +0 helmet (worn)
 g - a +0 chain mail (worn)
Scrolls
 h - a scroll of fog {unknown}
 i - a scroll of teleportation {unknown}
 l - a scroll of blinking {unknown}
Potions
 e - 2 potions of curing {unknown}
 j - a potion of haste {unknown}
 k - a potion of heal wounds {unknown}
Comestibles
 b - a chunk of flesh
 f - 3 rations


   Skills:
 - Level 2.0 Fighting
 + Level 4.6 Axes
 - Level 1.7 Throwing
 - Level 2.6 Dodging


You had 3 spell levels left.
You didn't know any spells.
Your spell library was empty.

Dungeon Overview and Level Annotations

Branches:
Dungeon (2/15)

Altars:
Cheibriados
Dithmenos
Nemelex Xobeh
Yredelemnul

Annotations:
D:2 Sigmund, Terence


Innate Abilities, Weirdness & Mutations

You have sharp fingernails.
When hurt, damage is shared between your health and your magic reserves.


Message History

The howler monkey hits you but does no damage.
Terence the Incautious comes into view.
He is wielding a +0 flail.
You hear some strange, mumbled words.
A puff of flame appears from out of thin air!
The puff of flame hits you. The howler monkey barely misses you.
Unknown command.
You closely miss something. You hit the howler monkey.
The howler monkey hoots and howls with incredible vigour!
Something hits you!
The howler monkey hits you but does no damage.
Unknown command.
Your chain mail prevents you from hitting something.
You closely miss the howler monkey. Something hits you!
* * * LOW HITPOINT WARNING * * *
The howler monkey barely misses you.
Unknown command.
You closely miss something. You closely miss the howler monkey.
The howler monkey hits you but does no damage.
Something hits you.
You die...

#......... ....#.##.
## #.........
..#.#.... #..
#....).... . # #.###
.. #......... #....
#.#......... ....
#..rl....... ####
....###h######. ### #
#h#### #.# ### #.@{@#
#####.# #.. .######.#
#.....# #.. ........#
#.###.# #.. ........#
#.# #.# #..
........####.# #.# #..
........#....###.###..
..........##.......#..
....##############.#..
....##.###_#_#.###.#..


You could see Terence, a howler monkey (catching breath), a jackal, a frilled
lizard and a rat.

Vanquished Creatures
  2 adders (D:2)
  A worm (D:2)
  3 leopard geckos
  6 bats
  4 giant cockroaches (D:1)
  7 goblins
  6 hobgoblins
  9 jackals
  A quokka (D:2)
  A frilled lizard (D:1)
  6 kobolds
  7 rats
53 creatures vanquished.

Notes
Turn   | Place    | Note
-------+----------+-------------------------------------------
     0 | D:1      | mopl the Demonspawn Gladiator began the quest for the Orb.
     0 | D:1      | Reached XP level 1. HP: 16/16 MP: 1/1
    58 | D:1      | Reached skill level 3 in Axes
   338 | D:1      | Gained mutation: You have sharp fingernails. [demonic
                  | ancestry]
   338 | D:1      | Reached XP level 2. HP: 16/22 MP: 2/2
   802 | D:1      | Gained mutation: When hurt, damage is shared between your
                  | health and your magic reserves. [demonic ancestry]
   802 | D:1      | Reached XP level 3. HP: 17/27 MP: 3/3
  1023 | D:1      | Reached skill level 4 in Axes
  1028 | D:1      | You fall into a shaft and drop 1 floor!
  1337 | D:2      | Reached XP level 4. HP: 32/33 MP: 2/4
  1539 | D:2      | Found a basalt altar of Yredelemnul.
  1545 | D:2      | Found a shadowy altar of Dithmenos.
  1545 | D:2      | Found a snail-covered altar of Cheibriados.
  1546 | D:2      | Found a sparkling altar of Nemelex Xobeh.
  1625 | D:2      | Noticed Sigmund
  1633 | D:2      | Noticed Terence
  1636 | D:2      | Slain by Sigmund

Illustrated notes

Levels and vault maps discovered:
D:1:      lemuel_arrival_rhombus, layout_loops_ring
D:2:      layout_basic, minitemple, minmay_misc_feat_enclosed, uniq_terence,
          uniq_sigmund

Skill      XL: |  1  2  3 |
---------------+----------+-----
Axes           | 3 4 |  4.6
Fighting       | |  2.0
Throwing       | |  1.7
Dodging        | |  2.6

Action                   |  1- 3 |  4- 6 || total
-------------------------+-------+-------++-------
Melee: War axe           |   129 |    48 ||   177
  Eat: Chunk             |     2 |       ||     2
Armor: Leather armour    |    10 |       ||    10
       Chain mail        |    91 |    44 ||   135
Dodge: Dodged            |    74 |    27 ||   101
